 Dungeon Crawl Stone Soup version 0.22-a0-815-gb582571 (webtiles) character file.

690 JeffiDaFish the Magician (level 7, -1/36 HPs)
             Began as a Deep Elf Fire Elementalist on July 24, 2018.
             Slain by an orc warrior
             ... wielding a +0 dire flail
              (16 damage)
             ... on level 6 of the Dungeon.
             The game lasted 00:12:44 (4749 turns).

JeffiDaFish the Magician (DEFE)                     Turns: 4749, Time: 00:12:46

Health: -1/36      AC:  8    Str:  6      XL:     7   Next: 36%
Magic:  10/18      EV: 14    Int: 20 (21) God:
Gold:   203        SH:  0    Dex: 13 (15) Spells: 8/19 levels left

rFire    . . .     SeeInvis .   l - +3 short sword (flame)
rCold    . . .     Gourm    .   (no shield)
rNeg     . . .     Faith    .   a - +0 robe
rPois    .         Spirit   .   f - +2 hat
rElec    .         Reflect  .   g - +0 cloak
rCorr    .         Harm     .   h - +2 pair of gloves
MR       .....                  (no boots)
Stlth    ++........             (no amulet)
HPRegen  0.12/turn              (no ring)
MPRegen  0.16/turn              (no ring)

@: about to teleport
A: no striking features
a: no special abilities


You were on level 6 of the Dungeon.
You were very hungry.

You visited 1 branch of the dungeon, and saw 6 of its levels.

You collected 203 gold pieces.

Inventory:

Hand Weapons
 l - a +3 short sword of flaming (weapon)
Armour
 a - a +0 robe (worn)
 f - a +2 hat (worn)
 g - a +0 cloak (worn)
 h - a +2 pair of gloves (worn)
 i - a +0 helmet
Scrolls
 b - a scroll of amnesia
 j - 3 scrolls of remove curse
 m - a scroll of fog
 n - 2 scrolls of identify
 o - a scroll of magic mapping
Potions
 d - 2 potions of curing
Comestibles
 c - 5 rations


   Skills:
 + Level 4.3 Dodging
 - Level 2.4 Stealth
 * Level 6.5 Spellcasting
 * Level 3.9 Conjurations
 + Level 2.3 Hexes
 * Level 5.8 Fire Magic


You had 8 spell levels left.
You knew the following spells:

 Your Spells              Type           Power        Failure   Level  Hunger
a - Flame Tongue          Conj/Fire      ####.        1%          1    None
b - Conjure Flame         Conj/Fire      ####....     4%          3    #......
c - Sticky Flame          Conj/Fire      ####....     13%         4    ###....
d - Confuse               Hex            ###.....     12%         3    #......

Your spell library contained the following spells:

 Spells                   Type           Power        Failure   Level  Hunger
 Fireball                 Conj/Fire      ####......   36%         5    #####..
 Throw Flame              Conj/Fire      ####..       1%          2    None
 Confusing Touch          Hex            ###...       3%          1    None
 Metabolic Englaciation   Hex/Ice        ##........   86%         5    #####..
 Petrify                  Tmut/Erth      #.......     69%         4    ###....
 Inner Flame              Hex/Fire       ###.....     5%          3    #......
 Gell's Gravitas          Tloc           #.........   30%         3    #......
 Yara's Violent Unravell  Hex/Tmut       ##........   86%         5    #####..


Dungeon Overview and Level Annotations

Branches:
Dungeon (6/15)
 Temple: D:4-7

Altars:
Ashenzari


Message History

The orc warrior closely misses you.
The orc warrior burns!
Something barely misses you.
Casting: Sticky Flame (safe; 13% risk of failure)
Confirm with . or Enter, or press ? or * to list all spells.
Aiming: Sticky Flame (safe; 13% risk of failure)
Press: ? - help, Shift-Dir - straight line, p - orc warrior The sticky flame hits something.
The orc wizard is covered in liquid flames!
You are feeling very hungry.
The orc wizard burns!
The orc warrior burns!
The orc wizard closely misses you. The orc warrior misses you.
You hit the orc wizard. You burn the orc wizard.
The orc wizard is heavily wounded.
The orc wizard burns!
The orc warrior burns!
The orc wizard casts a spell at you. The puff of flame hits you!
The orc priest calls upon Beogh to heal the orc wizard.
The orc wizard is healed somewhat.
The orc hits you but does no damage.
The orc warrior hits you with a dire flail!
You die...

#........#
#........###
#....o..... #....o...#
#........# .#
#........# ...
###.########
...###....ro.o..##
#...#......o.o@..#
##...........oo...#
......................
#....[...........#...
#..)..<.......[.....#
###..............####
##.......>....##
...............
....##.....##.


You could see an orc warrior (burning), an orc priest, an orc wizard (burning),
3 orcs and a rat.

Vanquished Creatures
  A phantom (D:2)
  A centaur (D:5)
  Blork the orc (D:5)
  A crimson imp (D:5)
  A hound (D:4)
  2 bullfrog skeletons
  A centaur skeleton (D:6)
  Terence (D:3)
  2 worker ants (D:5)
  6 adders
  7 gnolls
  An adder skeleton (D:5)
  3 dart slugs
  7 orcs
  9 bats
  2 giant cockroaches
  9 goblins
  9 hobgoblins
  14 jackals
  2 quokkas (D:2)
  2 ball pythons
  3 frilled lizards
  8 kobolds
  25 rats
118 creatures vanquished.

Vanquished Creatures (others)
  A fungus (D:5)
  A plant (D:5)
2 creatures vanquished.

Grand Total: 120 creatures vanquished

Notes
Turn   | Place    | Note
-------+----------+-------------------------------------------
     0 | D:1      | JeffiDaFish the Deep Elf Fire Elementalist began the quest for the Orb.
     0 | D:1      | Reached XP level 1. HP: 10/10 MP: 6/6
   241 | D:1      | Reached XP level 2. HP: 15/15 MP: 4/8
   426 | D:1      | Reached XP level 3. HP: 13/19 MP: 5/10
   884 | D:2      | Reached skill level 4 in Spellcasting
  1287 | D:2      | Reached XP level 4. HP: 21/24 MP: 6/12
  1295 | D:2      | Learned a level 3 spell: Conjure Flame
  1300 | D:2      | Learned a level 4 spell: Sticky Flame
  1441 | D:2      | Noticed a phantom
  1463 | D:2      | Killed a phantom
  1463 | D:2      | Reached XP level 5. HP: 7/28 MP: 3/14
  1844 | D:2      | Reached skill level 5 in Spellcasting
  2295 | D:3      | Found a faded altar of an unknown god.
  2380 | D:3      | Learned a level 3 spell: Confuse
  2454 | D:3      | Noticed Terence
  2461 | D:3      | Killed Terence
  2702 | D:4      | Reached skill level 5 in Fire Magic
  2702 | D:4      | Reached XP level 6. HP: 28/32 MP: 1/16
  2825 | D:4      | Reached skill level 1 in Hexes
  3148 | D:4      | You fall through a shaft!
  3148 | D:5      | Entered Level 5 of the Dungeon
  3439 | D:5      | Noticed Blork the orc
  3459 | D:5      | Killed Blork the orc
  3459 | D:5      | Reached skill level 6 in Spellcasting
  3463 | D:5      | Reached XP level 7. HP: 17/36 MP: 1/18
  3651 | D:5      | Found a shattered altar of Ashenzari.
  3655 | D:5      | Saw a vision of the Swamp and the Spider Nest.
  3655 | D:5      | Noticed a redback
  3655 | D:5      | Noticed an alligator
  3655 | D:5      | Noticed an alligator
  3655 | D:5      | Noticed an alligator
  3656 | D:5      | Noticed an alligator
  4749 | D:6      | Slain by an orc warrior

Vault maps used:
D:1:      scummos_arrival_simple_fountains
D:2:      minmay_rat_hole
D:3:      chequers_ecumenical_altar_simple_redux, minmay_misc_feat_alley,
          uniq_terence
D:4:      minmay_temple_entry_overgrown
D:5:      first_ration, grunt_ashenzari_visionary, uniq_blork_the_orc
D:6:      serial_shops, shop_fountains, nicolae_shop_stone,
          nemelex_dance_club_becter

Skill      XL: |  1  2  3  4  5  6 |
---------------+-------------------+-----
Dodging        | 3 4 |  4.3
Spellcasting   | 4 5 6 |  6.5
Fire Magic     | 4 5 |  5.8
Conjurations   | 2 3 |  3.9
Hexes          | 2 |  2.3
Stealth        | |  2.4

Action                   |  1- 3 |  4- 6 |  7- 9 || total
-------------------------+-------+-------+-------++-------
Melee: Dagger            |    21 |    58 |       ||    79
       Short sword       |       |    25 |   262 ||   287
 Cast: Flame Tongue      |    68 |    93 |     5 ||   166
       Conjure Flame     |       |     6 |       ||     6
       Sticky Flame      |       |     9 |     6 ||    15
       Confuse           |       |     3 |     9 ||    12
  Use: Scroll            |     3 |     6 |     2 ||    11
       Potion            |     3 |     4 |     2 ||     9
 Stab: Sleeping          |       |     3 |       ||     3
       Confused          |       |       |     6 ||     6
  Eat: Chunk             |     1 |     8 |     2 ||    11
       Ration            |       |       |     1 ||     1
Armor: Robe              |    23 |    40 |    81 ||   144
Dodge: Dodged            |    53 |    94 |   164 ||   311

Table legend:
 A = Spawn XP
 B = Non-spawn XP
 C = Spawn XP percentage of total XP
 D = Spawn monster count
 E = Non-spawn monster count
 F = Spawn count percentage of total count
 G = Total turns spent on level
                    A         B        C        D         E        F      G
               +---------+---------+-------+---------+---------+-------+---------
         Total |       0 |     987 |   0.0 |       0 |     118 |   0.0 |  4749
               +---------+---------+-------+---------+---------+-------+---------
           D:1 |       0 |      54 |   0.0 |       0 |      25 |   0.0 |   861
           D:2 |       0 |     212 |   0.0 |       0 |      45 |   0.0 |  1342
           D:3 |       0 |      88 |   0.0 |       0 |      21 |   0.0 |   573
           D:4 |       0 |     197 |   0.0 |       0 |      11 |   0.0 |   372
           D:5 |       0 |     397 |   0.0 |       0 |      15 |   0.0 |  1577
           D:6 |       0 |      39 |   0.0 |       0 |       1 |   0.0 |    24
               +---------+---------+-------+---------+---------+-------+---------
